 Dungeon Crawl Stone Soup version 0.22.0-49-gab54619 (webtiles) character file.

315 lysyklops the Vexing (level 6, -1/28 HPs)
             Began as a Spriggan Enchanter on Sept 5, 2018.
             Slain by a mummy (15 damage)
             ... in an ossuary.
             The game lasted 00:20:28 (7162 turns).

lysyklops the Vexing (Spriggan Enchanter)           Turns: 7162, Time: 00:20:29

Health: -1/28      AC:  2    Str:  4    XL:     6   Next: 20%
Magic:  14/14      EV: 20    Int: 16    God:
Gold:   124        SH:  0    Dex: 19    Spells: 6/15 levels left

rFire    . . .     SeeInvis +   a - +1 dagger
rCold    . . .     Gourm    .   (shield restricted)
rNeg     . . .     Faith    .   b - +0 robe
rPois    .         Spirit   .   (helmet restricted)
rElec    .         Reflect  .   (no cloak)
rCorr    .         Harm     .   (gloves unavailable)
MR       +....                  (boots unavailable)
Stlth    +++.......             (no amulet)
HPRegen  0.09/turn              (no ring)
MPRegen  0.14/turn              (no ring)

@: very quick
A: very small, unfitting armour, see invisible, herbivore, speed 3, slow
metabolism 2
a: no special abilities


You were in an ossuary.
You were hungry.

You visited 1 branch of the dungeon, and saw 4 of its levels.
You also visited: Ossuary.

You collected 124 gold pieces.

Inventory:

Hand Weapons
 a - a +1 dagger (weapon)
Armour
 b - a +0 robe (worn)
Jewellery
 c - an uncursed amulet of regeneration {unknown}
 l - an uncursed amulet of magic regeneration {unknown}
Wands
 o - a wand of iceblast (12)
Scrolls
 e - 3 scrolls of identify {unknown}
 f - 3 scrolls of fog {unknown}
 g - a scroll of blinking {unknown}
 h - 3 scrolls of remove curse {unknown}
 i - a scroll of magic mapping {unknown}
 j - a scroll of amnesia {unknown}
 m - a scroll of enchant weapon {unknown}
 n - a scroll of teleportation {unknown}
Potions
 k - a potion of ambrosia {unknown}
 p - a potion of heal wounds
Comestibles
 d - 3 rations


   Skills:
 + Level 2.5 Short Blades
 + Level 4.3 Dodging
 + Level 5.4 Stealth
 + Level 5.0 Spellcasting
 + Level 5.6 Hexes


You had 6 spell levels left.
You knew the following spells:

 Your Spells              Type           Power        Failure   Level  Hunger
a - Corona                Hex            ###....      1%          1    None
b - Confuse               Hex            ###.....     4%          3    ###....
c - Ensorcelled Hibernat  Hex/Ice        ##....       8%          2    #......
d - Tukima's Dance        Hex            ###.....     4%          3    ###....

Your spell library contained the following spells:

 Spells                   Type           Power        Failure   Level  Hunger
 Dazzling Spray           Conj/Hex       ##....       14%         3    ###....
 Shock                    Conj/Air       #...         16%         1    None
 Swiftness                Chrm/Air       #.......     22%         2    #......
 Static Discharge         Conj/Air       #.......     41%         3    ###....
 Airstrike                Air            #.........   83%         4    ####...
 Lightning Bolt           Conj/Air       #.........   99%         5    ######.


Dungeon Overview and Level Annotations

Branches:
Dungeon (4/15)
 Temple: D:4-7

Altars:
Uskayaw
Xom
The Shining One


Innate Abilities, Weirdness & Mutations

You are very small and have problems with some larger weapons.
You are too small for most types of armour.
You have supernaturally acute eyesight. (SInv)
You are a herbivore.
You cover ground extremely quickly.
You need to consume almost no food.


Message History

You hit the mummy but do no damage.
The mummy is severely damaged.
The mummy closely misses you.
You hit the mummy.
The mummy is severely damaged.
You hit the mummy but do no damage.
The mummy is severely damaged.
The mummy barely misses you.
You hit the mummy but do no damage.
The mummy is severely damaged.
You barely miss the mummy.
The mummy is severely damaged.
The mummy misses you.
You hit the mummy but do no damage.
The mummy is severely damaged.
You hit the mummy but do no damage.
The mummy is severely damaged.
The mummy hits you!
Ouch! That really hurt!
You die...

##################
..........##.#.#.#
...........#'#'#'#
..8...8..Z.......#
..........MZ.....#
####'#########+#M#
+..Z....+ #.##@#
#.......# #.##..#
#...ZZZ.# #.##...#
#.......##.##....#
#.......#.##.....#
#...8...#.'......#
#.......#.##.....#
#.......##.##....#
##.##...#


You could see a mummy.

Vanquished Creatures
  A howler monkey (D:4)
  2 hounds (D:3)
  Jessica (D:3)
  3 big kobold zombies (Ossuary)
  A gnoll (D:3)
  8 adders
  An adder skeleton (D:4)
  A worm (D:2)
  3 dart slugs
  2 orcs
  6 giant cockroaches
  A gnoll zombie (Ossuary)
  4 goblins
  4 hobgoblins
  6 jackals (D:3)
  8 kobolds
  2 quokkas
  2 ball pythons
  4 bats
  4 bat simulacra (Ossuary)
  2 frilled lizards
  2 goblin simulacra (Ossuary)
  4 goblin zombies (Ossuary)
  4 kobold simulacra (Ossuary)
  2 kobold zombies (Ossuary)
  3 orc zombies (Ossuary)
  5 rats
  4 rat simulacra (Ossuary)
90 creatures vanquished.

Notes
Turn   | Place    | Note
-------+----------+-------------------------------------------
     0 | D:1      | lysyklops the Spriggan Enchanter began the quest for the
                  | Orb.
     0 | D:1      | Reached XP level 1. HP: 9/9 MP: 5/5
   306 | D:1      | Reached XP level 2. HP: 10/13 MP: 7/7
  2087 | D:2      | Reached XP level 3. HP: 7/16 MP: 9/9
  2169 | D:2      | Learned a level 3 spell: Confuse
  2540 | D:2      | Learned a level 2 spell: Ensorcelled Hibernation
  3510 | D:3      | Reached skill level 5 in Hexes
  3510 | D:3      | Reached XP level 4. HP: 16/21 MP: 0/11
  3970 | D:3      | Found a shimmering altar of Xom.
  3971 | D:3      | Found a glowing golden altar of the Shining One.
  4087 | D:3      | Learned a level 3 spell: Tukima's Dance
  4359 | D:3      | Noticed Jessica
  4403 | D:3      | Killed Jessica
  5055 | D:3      | Reached XP level 5. HP: 22/24 MP: 12/12
  5712 | D:3      | Reached skill level 5 in Stealth
  6018 | D:4      | Noticed a phantom
  6047 | D:4      | Found a hide-covered altar of Uskayaw.
  6459 | D:4      | Found a sand-covered staircase.
  6465 | Ossuary  | Entered an ossuary
  6829 | Ossuary  | Reached XP level 6. HP: 28/28 MP: 14/14
  6864 | Ossuary  | Reached skill level 5 in Spellcasting
  7162 | Ossuary  | Slain by a mummy

Skill      XL: |  1  2  3  4  5  6 |
---------------+-------------------+-----
Spellcasting   | 3 4 5 |  5.0
Hexes          | 4 5 |  5.6
Stealth        | 5 |  5.4
Short Blades   | 2 |  2.5
Dodging        | 4 |  4.3

Action                   |  1- 3 |  4- 6 || total
-------------------------+-------+-------++-------
Melee: Dagger            |   201 |   386 ||   587
 Cast: Confuse           |     4 |    17 ||    21
       Tukima's Dance    |       |     1 ||     1
       Corona            |       |     1 ||     1
  Use: Potion            |     2 |     2 ||     4
 Stab: Sleeping          |     8 |    10 ||    18
       Confused          |     2 |     5 ||     7
       Distracted        |       |     1 ||     1
  Eat: Ration            |       |     3 ||     3
Armor: Robe              |    16 |    24 ||    40
Dodge: Dodged            |   143 |   240 ||   383
